 Dungeon Crawl Stone Soup version 0.28-a0-390-gb254ac4902 (webtiles) character file.

Game seed: 17578195904377647826

1293 Spaninq the Changer (level 8, 0/54 HPs)
             Began as an Octopode Transmuter on Sept 3, 2021.
             Slain by a gnoll (7 damage)
             ... on level 5 of the Dungeon.
             The game lasted 00:15:13 (6907 turns).

Spaninq the Changer (Octopode Transmuter)           Turns: 6907, Time: 00:15:15

Health: 0/54       AC:  1    Str: 10    XL:     8   Next: 56%
Magic:  13/13      EV: 14    Int: 17    God:
Gold:   286        SH:  0    Dex: 12    Spells: 13/14 levels left

rFire   + . .      SeeInvis .     - Unarmed
rCold   . . .      Faith    .   (no shield)
rNeg    . . .      Spirit   .   (helmet currently unavailable)
rPois   .          Reflect  .   (no amulet)
rElec   .          Harm     .   b - ring of protection from fire
rCorr   .          Rampage  .   (no ring)
Will    .....                   (no ring)
Stlth   ++........              (no ring)
HPRegen 0.18/turn               (no ring)
MPRegen 0.13/turn               (no ring)
                                (no ring)
                                (no ring)

@: appendages
A: tentacle spike 3, almost no armour, amphibious, 8 rings, camouflage 1,
gelatinous body 1, (nimble swimmer 1), tentacles
a: End Transformation


You were on level 5 of the Dungeon.
One of your tentacles had grown a beastly spike.
You visited 1 branch of the dungeon, and saw 5 of its levels.

You collected 286 gold pieces.

Inventory:

Jewellery
 b - a ring of protection from fire (left tentacle)
Scrolls
 c - a scroll of blinking
 k - 4 scrolls of identify
Potions
 a - a potion of invisibility
 d - a potion of brilliance
 e - a potion of curing
 h - a potion of might


   Skills:
 + Level 4.2 Fighting
 + Level 4.6 Dodging
 + Level 5.6 Unarmed Combat
 + Level 3.8 Spellcasting
 * Level 5.6 Transmutations


You had 13 spell levels left.
You knew the following spells:

 Your Spells              Type           Power      Damage    Failure   Level
a - Beastly Appendage     Tmut           44%        N/A       1%          1

Your spell library contained the following spells:

 Spells                   Type           Power      Damage    Failure   Level
 Wereblood                Tmut           22%        N/A       2%          2
 Spider Form              Tmut/Pois      6%         N/A       16%         3
 Slow                     Hex            3%         N/A       24%         2
 Confusing Touch          Hex            3%         N/A       43%         3
 Ice Form                 Ice/Tmut       12%        N/A       45%         4
 Yara's Violent Unravell  Hex/Tmut       6%         3d5       80%         5


Dungeon Overview and Level Annotations

Branches:
Dungeon (5/15)             Temple (0/1) D:5

Altars:


Innate Abilities, Weirdness & Mutations

One of your tentacles has grown a beastly spike.
You cannot wear most types of armour.
You are amphibious.
You can wear up to eight rings at the same time.
Your skin changes colour to match your surroundings (Stealth+).
Your rubbery body absorbs attacks. (AC +1, EV +1)
((You are camouflaged near water. (Stealth+)))
You have tentacles for arms and can constrict up to eight enemies at once.


Message History

You kill the gnoll!
You see here a +0 whip.
Found 20 arrows.
The gnoll sergeant misses you.
The gnoll shouts! x2
You tentacle-slap the gnoll sergeant. You grab the gnoll sergeant.
Your squeeze misses the gnoll sergeant.
The gnoll sergeant is lightly wounded.
You constrict the gnoll sergeant, but do no damage.
You hear an angry hiss.
You tentacle-slap the gnoll sergeant.
You pierce the gnoll sergeant.
The gnoll sergeant is moderately wounded.
You constrict the gnoll sergeant.
The gnoll sergeant hits you with a +0 trident!
You tentacle-slap the gnoll sergeant.
You pierce the gnoll sergeant, but do no damage.
The gnoll sergeant blocks your attack.
The gnoll sergeant is heavily wounded.
You constrict the gnoll sergeant, but do no damage.
The gnoll sergeant hits you with a +0 trident!
You tentacle-slap the gnoll sergeant.
You pierce the gnoll sergeant.
The gnoll sergeant is severely wounded.
You constrict the gnoll sergeant.
An adder comes into view.
The gnoll sergeant hits you with a +0 trident!
* * * LOW HITPOINT WARNING * * *
The gnoll hits you with a +0 whip!
* * * LOW HITPOINT WARNING * * *
The adder hisses angrily.
You tentacle-slap the gnoll sergeant but do no damage.
The gnoll sergeant is severely wounded.
You constrict the gnoll sergeant.
The gnoll sergeant hits you with a +0 trident.
* * * LOW HITPOINT WARNING * * *
You tentacle-slap the gnoll sergeant but do no damage.
You squeeze the gnoll sergeant.
The gnoll sergeant is almost dead.
You constrict the gnoll sergeant.
You kill the gnoll sergeant!
The gnoll hits you with a +0 whip!
You die...

*,,,,,,,,,,, *#..,,,,,,,,,
*##...,,,,,,,,. ######
*#.....,,,,,,,..
#....##*.....(,,,**,,..
##.....##......,,,,*,*#S
###.#............,,,**,*#.
##.........g...|.(,,**,,*#.
#........)@)g.....,,***,*** ##
###............S..,,,,,,###
.##########.............,....,#..
....#...##..........#..#......,.#
.........#..........#.###.....#*#
.....#......##..).....##......###
....###..†..###..................
.............##.....###*#........
..##>.................# #........


You could see 2 gnolls and an adder.

Vanquished Creatures
  Grinder (D:3)
  Prince Ribbit (D:5)
  An ice beast (D:5)
  An ogre (D:5)
  A gnoll sergeant (D:5)
  3 scorpions
  A bullfrog zombie (D:5)
  2 hounds
  A centaur skeleton (D:4)
  3 iguanas
  Natasha (thrice) (D:3)
  2 orc wizards (D:3)
  A hound skeleton (D:5)
  A howler monkey zombie (D:5)
  6 gnolls
  7 adders
  A white imp (D:4)
  A worm (D:3)
  4 dart slugs
  5 orcs
  10 ball pythons
  4 bats
  An endoplasm (D:3)
  2 giant cockroaches (D:4)
  6 goblins
  5 hobgoblins
  8 jackals
  8 kobolds
  2 quokkas
  A frilled lizard (D:1)
  3 rats
96 creatures vanquished.

Notes
Turn   | Place    | Note
-------+----------+-------------------------------------------
     0 | D:1      | Spaninq the Octopode Transmuter began the quest for the
                  | Orb.
     0 | D:1      | Reached XP level 1. HP: 13/13 MP: 3/3
   499 | D:1      | Reached XP level 2. HP: 18/18 MP: 3/5
   812 | D:1      | Found a faded altar of an unknown god.
  1013 | D:1      | Reached XP level 3. HP: 23/23 MP: 4/6
  1697 | D:2      | Identified the +3 flail "Duppooll" {flame, rC+ rN+ Str+3}
  2167 | D:2      | Reached XP level 4. HP: 23/29 MP: 5/7
  3171 | D:3      | Reached XP level 5. HP: 23/34 MP: 6/8
  3311 | D:3      | Noticed Natasha
  3314 | D:3      | Killed Natasha
  3436 | D:3      | Noticed Grinder
  3463 | D:3      | Paralysed by Grinder for 3 turns
  3468 | D:3      | Killed Grinder
  3469 | D:3      | Reached XP level 6. HP: 18/41 MP: 8/10
  4009 | D:3      | Noticed Natasha
  4015 | D:3      | Killed Natasha
  4016 | D:3      | Reached XP level 7. HP: 41/46 MP: 9/11
  4333 | D:3      | Noticed Natasha
  4338 | D:3      | Killed Natasha
  5047 | D:4      | Reached skill level 5 in Unarmed Combat
  6025 | D:5      | Entered Level 5 of the Dungeon
  6043 | D:5      | Reached XP level 8. HP: 36/54 MP: 11/13
  6279 | D:5      | Reached skill level 5 in Transmutations
  6726 | D:5      | Noticed Prince Ribbit
  6756 | D:5      | Killed Prince Ribbit
  6907 | D:5      | Slain by a gnoll

Illustrated notes

Levels and vault maps discovered:
D:1:      minmay_arrival_arboretum_small, layout_basic,
          hellmonk_ecumenical_altar_lost_god, hangedman_glass_teeth,
          minmay_pentomino_t2
D:2:      layout_basic, dk_noncrumbling_3
D:3:      layout_loops_cross, uniq_natasha, uniq_grinder
D:4:      layout_basic, minmay_circle_x
D:5:      layout_cave_pools, minmay_temple_entry_tees, uniq_prince_ribbit1

Skill      XL: |  1  2  3  4  5  6  7  8 |
---------------+-------------------------+-----
Fighting       | 2 3 4 |  4.2
Unarmed Combat | 4 5 |  5.6
Dodging        | 3 4 |  4.6
Transmutations | 3 4 5 |  5.6
Spellcasting   | 3 |  3.8

Action                   |  1- 3 |  4- 6 |  7- 9 || total
-------------------------+-------+-------+-------++-------
Melee: Unarmed           |    63 |    59 |   146 ||   268
       Constrict         |    16 |    16 |    34 ||    66
       Kick              |    17 |    22 |    46 ||    85
       Tentacles         |     6 |     9 |    30 ||    45
       Punch             |     1 |     1 |     5 ||     7
 Cast: Beastly Appendage |    20 |    16 |    23 ||    59
  Use: Potion            |       |     7 |       ||     7
       Scroll            |       |       |     6 ||     6
 Stab: Sleeping          |       |     3 |     2 ||     5
Armor: Skin              |     4 |     5 |     5 ||    14
Dodge: Dodged            |    42 |    39 |    83 ||   164

Table legend: (Time is in decaauts)
 A = Elapsed time spent in this place.
 B = Non-inter-level travel time spent in this place.
 C = Inter-level travel time spent in this place.
 D = Time resting spent in this place.
 E = Time spent auto-exploring this place.
 F = Levels seen in this place.
 G = Mean time per level.
                   A        B        C        D        E       F      G
               +--------+--------+--------+--------+--------+-----+--------+
         Total |   6876 |   6660 |    216 |   1569 |   4020 |   5 | 1375.2 |
       Dungeon |   6876 |   6660 |    216 |   1569 |   4020 |   5 | 1375.2 |
               +--------+--------+--------+--------+--------+-----+--------+

Top non-repeatable levels by time:
     D:4: 1802 daAuts
     D:1: 1751 daAuts
     D:3: 1617 daAuts
     D:2: 1214 daAuts
     D:5: 490 daAuts
